 Dungeon Crawl Stone Soup version 0.26-a0-830-g2a559e7be2 (webtiles) character file.

Game seed: 6843099620008231010

64 Riddle the Distorting Demonspawn (level 3, 0/29 HPs)
             Began as a Demonspawn Abyssal Knight on Nov 15, 2020.
             Was a Believer of Lugonu.
             Slain by a goblin
             ... wielding a +0 dagger
             ... led by Robin
              (1 damage)
             ... on level 3 of the Dungeon.
             The game lasted 00:01:45 (2326 turns).

Riddle the Distorting Demonspawn (DsAK)             Turns: 2326, Time: 00:01:45

Health: 0/29       AC:  4    Str: 13    XL:     3   Next: 91%
Magic:  6/6        EV: 11    Int: 13    God:    Lugonu [**....]
Gold:   116        SH:  0    Dex: 12    Spells: 2/2 levels left

rFire    . . .     SeeInvis .     - Unarmed
rCold    + . .     Faith    .   (no shield)
rNeg     . . .     Spirit   .   b - +0 leather armour
rPois    .         Reflect  .   f - +0 helmet
rElec    .         Harm     .   (no cloak)
rCorr    .         Rampage  .   (no gloves)
MR       .....                  (no boots)
Stlth    +.........             (no amulet)
HPRegen  0.09/turn              h - ring of protection from cold
MPRegen  0.10/turn              (no ring)

@: no status effects
A: claws 1
a: Depart the Abyss, Bend Space, Renounce Religion


You were on level 3 of the Dungeon.
You worshipped Lugonu.
Lugonu was pleased with you.
You visited 1 branch of the dungeon, and saw 3 of its levels.
You visited the Abyss 1 time.

You collected 116 gold pieces.

Inventory:

Armour
 b - a +0 leather armour (worn)
 f - a +0 helmet (worn)
Jewellery
 h - a ring of protection from cold (left claw)
Scrolls
 a - 2 scrolls of teleportation {unknown}
 c - 4 scrolls of identify {unknown}
 d - 4 scrolls of remove curse {unknown}
 j - a scroll of amnesia {unknown}
 k - a scroll of enchant weapon {unknown}
Potions
 e - a potion of lignification {unknown}
 g - a potion of ambrosia {unknown}
 i - a potion of brilliance {unknown}
 l - a potion of might {unknown}


   Skills:
 + Level 3.4 Fighting
   Level 1.7 Long Blades
 - Level 1.7 Armour
 - Level 0.8 Dodging
 + Level 1.3 Unarmed Combat
 + Level 4.3 Invocations


You had 2 spell levels left.
You didn't know any spells.
Your spell library was empty.

Dungeon Overview and Level Annotations

Branches:
Dungeon (3/15)

Altars:
Qazlal

Annotations:
D:3 Robin


Innate Abilities, Weirdness & Mutations

You have sharp fingernails.


Message History

You barely miss the goblin. The goblin hits you but does no damage.
The goblin barely misses you. The goblin hits you.
* * * LOW HITPOINT WARNING * * *
The goblin closely misses you.
Your leather armour prevents you from hitting the goblin.
The goblin closely misses you.
The goblin hits you but does no damage. x2
The goblin barely misses you.
The goblin hits you but does no damage. x2
You barely miss the goblin. The goblin barely misses you.
The goblin hits you but does no damage. The goblin closely misses you.
The goblin hits you but does no damage.
You miss the goblin. The goblin hits you with a +0 club.
* * * LOW HITPOINT WARNING * * *
The goblin closely misses you. x2
An orc comes into view. It is wielding a +0 hand axe.
The goblin barely misses you. The goblin closely misses you.
The goblin misses you. The goblin closely misses you.
Robin throws the goblin at you!
* * * LOW HITPOINT WARNING * * *
The goblin hits you with a +0 dagger.
You die...

#.#.##.....##.#.#
..#.(.)....##...# .
##....#.#...†...# ..
...##.#...#.#...########...
........#.#.†...........o..
.....##.#.#.##...ggg.......
##....#.#.#####..g.g.....#
......#.#.....'>ggg......#
......#.#######.@g.g.....#
....#...# #ggg.......#
....# ## #..........# .##.#
#............ ..#.#
#............ ### .
##########.(. ..


You could see Robin, 4 hobgoblins and 8 goblins.

Vanquished Creatures
  2 adders (D:2)
  A worm (D:2)
  A dart slug (D:2)
  A leopard gecko (D:2)
  3 ball pythons
  4 giant cockroaches
  4 goblins
  5 hobgoblins
  A quokka (D:2)
  5 bats
  3 frilled lizards
  6 kobolds
  5 rats
41 creatures vanquished.

Notes
Turn   | Place    | Note
-------+----------+-------------------------------------------
     0 | Abyss:1  | Riddle the Demonspawn Abyssal Knight began the quest for
                  | the Orb.
     0 | Abyss:1  | Reached XP level 1. HP: 18/18 MP: 2/2
    42 | Abyss:1  | Noticed a thrashing horror
    42 | Abyss:1  | Noticed a glowing orange brain
    43 | D:1      | Escaped the Abyss
   102 | D:1      | Reached * piety under Lugonu
   103 | D:1      | Reached skill level 3 in Invocations
   333 | D:1      | Gained mutation: You have sharp fingernails. [demonic
                  | ancestry]
   333 | D:1      | Reached XP level 2. HP: 21/24 MP: 4/4
  1398 | D:2      | Reached XP level 3. HP: 29/29 MP: 5/5
  1403 | D:2      | Reached skill level 1 in Unarmed Combat
  1403 | D:2      | Reached skill level 4 in Invocations
  1647 | D:2      | Found a stormy altar of Qazlal.
  2224 | D:3      | Reached ** piety under Lugonu
  2315 | D:3      | Noticed Robin
  2326 | D:3      | HP: 1/29 [Robin/goblin (1)]
  2326 | D:3      | Slain by a goblin

Illustrated notes

Levels and vault maps discovered:
D:1:      minmay_arrival_up_and_down, layout_basic, kennysheep_small_spiral,
          grunt_decor_fettered, hangedman_decor_push
D:2:      layout_rooms, nicolae_qazlal_general_emergency
D:3:      layout_basic, lemuel_crystal_altar, lemuel_crystal_altar,
          wander_ebering_terrifying_dragon_lair, uniq_robin

Skill      XL: |  1  2  3 |
---------------+----------+-----
Invocations    | 3 4 |  4.3
Unarmed Combat | 1 |  1.3
Fighting       | |  3.4
Long Blades    | |  1.7
Armour         | |  1.7
Dodging        | |  0.8

Action                   || total
-------------------------++-------
Melee: Falchion          ||    16
       Unarmed           ||   167
Invok: Depart the Abyss  ||     1
 Stab: Sleeping          ||     1
Armor: Leather armour    ||    64
Dodge: Dodged            ||   129
       Rpst.: Falchion   ||     4

Table legend: (Time is in decaauts)
 A = Elapsed time spent in this place.
 B = Non-inter-level travel time spent in this place.
 C = Inter-level travel time spent in this place.
 D = Time resting spent in this place.
 E = Time spent auto-exploring this place.
 F = Levels seen in this place.
 G = Mean time per level.
                   A        B        C        D        E       F      G
               +--------+--------+--------+--------+--------+-----+--------+
         Total |   2326 |   2264 |     62 |    285 |   1633 |   4 |  581.5 |
       Dungeon |   2283 |   2221 |     62 |    285 |   1594 |   3 |  761.0 |
         Abyss |     43 |     43 |      0 |      0 |     39 |   1 |   43.0 |
               +--------+--------+--------+--------+--------+-----+--------+

Top non-repeatable levels by time:
     D:1: 1168 daAuts
     D:2: 1006 daAuts
     D:3: 108 daAuts
 Abyss:1: 43 daAuts
